 Dungeon Crawl Stone Soup version 0.31-a0-112-gdf0485fa37 (webtiles) character file.

Game seed: 875935758989732257

23 Bigbad the Conjurer (level 3, 0/24 HPs)
             Began as a Human Conjurer on May 28, 2023.
             Slain by an adder (2 damage)
             ... on level 1 of the Dungeon.
             The game lasted 00:10:20 (1029 turns).

Bigbad the Conjurer (Human Conjurer)                Turns: 1029, Time: 00:10:21

Health: 0/24       AC:  1    Str:  7    XL:     3   Next: 10%
Magic:  4/6        EV: 12    Int: 20    God:
Gold:   35         SH:  0    Dex: 11    Spells: 5/6 levels left

rFire   . . .        h - +0 quarterstaff
rCold   . . .        (shield currently unavailable)
rNeg    . . .        (no body armour)
rPois   .            (no helmet)
rElec   .            (no cloak)
rCorr   .            (no gloves)
SInv    .            g - +0 pair of boots
Will    .....        (no amulet)
Stlth   ++           (no ring)
HPRegen 0.24/turn    (no ring)
MPRegen 0.10/turn

%: no passive effects
@: lethally poisoned (0 -> -2)
A: no striking features
a: no special abilities


You were on level 1 of the Dungeon.
You visited 1 branch of the dungeon, and saw 2 of its levels.

You collected 35 gold pieces.

Inventory:

Hand Weapons
 c - a +0 club
 f - a +0 short sword
 h - a +0 quarterstaff (weapon)
Missiles
 d - a stone
Armour
 a - a +0 robe
 e - a +0 ring mail
 g - a +0 pair of boots (worn)
Scrolls
 i - a scroll of torment {unknown}
Potions
 b - a potion of magic


   Skills:
 + Level 2.0 Dodging
 + Level 2.3 Stealth
 + Level 2.0 Spellcasting
 + Level 4.6 Conjurations


You had 5 spell levels left.
You knew the following spells:

 Your Spells              Type           Power      Damage    Failure   Level
a - Magic Dart            Conj           80%        1d7       2%          1

Your spell library contained the following spells:

 Spells                   Type           Power      Damage    Failure   Level
 Searing Ray              Conj           40%        2d5       3%          2
 Dazzling Flash           Conj/Hex       22%        N/A       19%         3
 Fulminant Prism          Conj/Hex       5%         3d6       52%         4
 Iskenderun's Mystic Bla  Conj/Tloc      11%        2d4       52%         4


Dungeon Overview and Level Annotations

Branches:
Dungeon (2/15)

Altars:


Message History

You feel sick. The adder closely misses you.
The rat bites you but does no damage.
You finish taking off your +0 robe.
You hit the adder.
The adder is moderately wounded.
You feel sick.
You are no longer poisoned.
The adder misses you. The adder bites you.
You are poisoned.
The adder poisons you! The rat bites you.
You hit the adder.
The adder is heavily wounded.
You feel sick. The adder misses you. The rat barely misses you.
The adder bites you.
You completely miss the adder.
The adder is heavily wounded.
You feel sick. The rat bites you. The adder barely misses you.
You feel sick. The adder bites you.
* * * LOW HITPOINT WARNING * * *
You are lethally poisoned!
The adder poisons you! The adder attacks as you move away!
The adder closely misses you.
* * * LOW HITPOINT WARNING * * *
You feel sick.
There is a stone staircase leading up here.
* * * LOW HITPOINT WARNING * * *
You feel sick. The rat bites you but does no damage.
The adder closely misses you.
You climb upwards.
* * * LOW HITPOINT WARNING * * *
You feel sick.
There is a stone staircase leading down here.
Aiming: Magic Dart (safe; 2% risk of failure)
Press: ? - help, Q - select action, (/) - cycle Shift-Dir - straight line, f - adder
Aim: an adder (heavily wounded, 100% to hit)
The magic dart hits the adder.
The adder is severely wounded.
* * * LOW HITPOINT WARNING * * *
You feel sick. The adder bites you.
You die...

##### ##### ##...## #...#
##.###.###...# ##.##
##.##...#### ###
#.######.........# ..# #.#
#............#### #.#
#.###.##............#
#.###....#..>##.@S#####.#
#.......###..##r..# #.#
#......#...#.##...#
#.#########
#.###...###.####.##
#.......... .......#.#># ##..#
#.#########
#####.....####...######.######
# #..#...##................# #
###...#.#.#....######.####.# #
#.............## #.# #.# ##


You could see an adder and a rat.

Vanquished Creatures
  2 endoplasms (D:1)
  2 giant cockroaches (D:1)
  A goblin (D:1)
  3 hobgoblins (D:1)
  3 kobolds (D:1)
  2 quokkas (D:1)
  2 bats (D:1)
  A frilled lizard (D:1)
  4 rats (D:1)
20 creatures vanquished.

Notes
Turn   | Place    | Note
-------+----------+-------------------------------------------
     0 | D:1      | Bigbad the Human Conjurer began the quest for the Orb.
     0 | D:1      | Reached XP level 1. HP: 13/13 MP: 3/3
   233 | D:1      | Reached XP level 2. HP: 14/19 MP: 3/5
   725 | D:1      | Reached XP level 3. HP: 24/24 MP: 3/6
  1029 | D:1      | Slain by an adder

Illustrated notes

Levels and vault maps discovered:
D:1:      saegor_arrival_simple_d, layout_loops_ring, grunt_decor_cap
D:2:      layout_basic, serial_shops, nicolae_square_shop,
          hellmonk_ecumenical_altar_dog_temple

Action                     || total
---------------------------++-------
  Melee: Unarmed           ||     3
         Club              ||     1
         Quarterstaff      ||     3
   Cast: Magic Dart        ||    35
 Armour: Robe              ||     7
         Skin              ||     1
  Dodge: Dodged            ||    17

Table legend: (Time is in decaauts)
 A = Elapsed time spent in this place.
 B = Non-inter-level travel time spent in this place.
 C = Inter-level travel time spent in this place.
 D = Time resting spent in this place.
 E = Time spent auto-exploring this place.
 F = Levels seen in this place.
 G = Mean time per level.
                   A        B        C        D        E       F      G
               +--------+--------+--------+--------+--------+-----+--------+
         Total |   1028 |    604 |    424 |    320 |    128 |   2 |  514.0 |
       Dungeon |   1028 |    604 |    424 |    320 |    128 |   2 |  514.0 |
               +--------+--------+--------+--------+--------+-----+--------+

Top non-repeatable levels by time:
     D:1: 1012 daAuts
     D:2: 16 daAuts
